 Dungeon Crawl Stone Soup version 0.25.1-2-g60ff931df9 (webtiles) character file.

Game seed: 8320142929002688441

472 H0rd4k the Charlatan (level 7, -7/51 HPs)
             Began as a Human Artificer on Sept 14, 2020.
             Splashed by a jelly's acid (10 damage)
             ... on level 5 of the Dungeon.
             The game lasted 00:06:16 (5019 turns).

H0rd4k the Charlatan (Human Artificer)              Turns: 5019, Time: 00:06:18

Health: -7/51      AC:  1    Str: 14    XL:     7   Next: 31%
Magic:  10/10      EV: 13    Int: 16    God:
Gold:   210        SH:  0    Dex: 13    Spells: 6/6 levels left

rFire    + + .     SeeInvis .   s - +0 dagger (venom)
rCold    x . .     Gourm    .   (no shield)
rNeg     . . .     Faith    +   b - +0 leather armour
rPois    +         Spirit   .   (no helmet)
rElec    .         Reflect  .   (no cloak)
rCorr    .         Harm     .   A - -3 pair of gloves "Piazel" {rF+ Int+4} (curse)
MR       .....                  (no boots)
Stlth    ++........             w - amulet of faith
HPRegen  0.17/turn              l - ring of poison resistance
MPRegen  0.12/turn              j - ring of fire

@: no status effects
A: no striking features
a: no special abilities


You were on level 5 of the Dungeon.
You were not hungry.

You visited 1 branch of the dungeon, and saw 5 of its levels.

You collected 210 gold pieces.

Inventory:

Hand Weapons
 a - a +0 short sword
 s - a +0 dagger of venom (weapon)
 z - a +0 spear of venom
Armour
 b - a +0 leather armour (worn)
 h - a +0 pair of gloves
 A - the cursed -3 pair of gloves "Piazel" (worn) {rF+ Int+4}
   (You found it on level 4 of the Dungeon)

   It affects your intelligence (+4).
   It protects you from fire.
   It has a curse placed upon it.
Jewellery
 j - a ring of fire (right hand)
 l - a ring of poison resistance (left hand)
 w - an amulet of faith (around neck)
Wands
 c - a wand of flame (7)
 d - a wand of enslavement (11)
 e - a wand of random effects (6)
 D - a wand of paralysis (3)
Scrolls
 i - 2 scrolls of enchant armour {unknown}
 k - 3 scrolls of identify {unknown}
 n - 4 scrolls of immolation {unknown}
 p - 2 scrolls of remove curse {unknown}
 r - 3 scrolls of enchant weapon {unknown}
 t - a scroll of blinking {unknown}
 v - a scroll of fog {unknown}
 x - a scroll of noise {unknown}
 y - a scroll of teleportation {unknown}
Potions
 g - a potion of resistance {unknown}
 m - 2 potions of curing {unknown}
 o - a potion of ambrosia {unknown}
 q - a potion of lignification {unknown}
 u - a potion of invisibility {unknown}
 B - a potion of might {unknown}
Comestibles
 f - 7 rations
 C - a chunk of flesh


   Skills:
 + Level 2.9 Fighting
 + Level 3.5 Short Blades
 + Level 3.0 Armour
 + Level 3.0 Dodging
 + Level 2.4 Stealth
 + Level 4.1 Evocations


You had 6 spell levels left.
You didn't know any spells.
Your spell library was empty.

Dungeon Overview and Level Annotations

Branches:
Dungeon (5/15)
 Temple: D:4-7

Altars:
Dithmenos
Kikubaaqudgha
Vehumet
Wu Jian


Message History

You hit the iguana but do no damage.
The iguana looks as sick as possible!
The iguana is almost dead.
The iguana barely misses you.
You hit the iguana.
You kill the iguana!
Your Dodging skill increases to level 3!
You hit the jelly.
The jelly is poisoned.
Your hands burn!
The jelly is lightly wounded.
The jelly hits you.
You are splashed with acid!
You hit the jelly.
The jelly looks as sick as possible!
Your hands burn!
The jelly is moderately wounded.
The jelly hits you.
You are splashed with acid.
* * * LOW HITPOINT WARNING * * *
You hit the jelly.
The jelly looks as sick as possible!
Your hands burn!
* * * LOW HITPOINT WARNING * * *
The jelly is heavily wounded.
The jelly hits you.
* * * LOW HITPOINT WARNING * * *
You are splashed with acid!
You die...

#......######
#........#
#........#
#........#
#........#
#........#
#........#
#.......J#########
#########@.......#
#........#
#........#
+........#
#......<.#
#........#
#############'####
#.......##......#
................#


You could see a jelly (extremely poisoned).

Vanquished Creatures
  An ogre (D:2)
  An orc wizard (D:4)
  Natasha (thrice) (D:4)
  An iguana (D:5)
  3 worker ants
  9 adders
  4 gnolls (D:2)
  3 worms
  A dart slug (D:1)
  3 leopard geckos
  4 orcs
  7 goblins
  7 hobgoblins
  3 ball pythons
  4 bats (D:1)
  4 frilled lizards
  10 kobolds
  10 rats
78 creatures vanquished.

Vanquished Creatures (collateral kills)
  An adder (D:2)
  An ooze (D:2)
  A worm (D:2)
  2 frilled lizards (D:2)
  A kobold (D:2)
  A rat (D:2)
7 creatures vanquished.

Vanquished Creatures (others)
  An adder (D:2)
  A jackal (D:1)
  A quokka skeleton (D:4)
3 creatures vanquished.

Grand Total: 88 creatures vanquished

Notes
Turn   | Place    | Note
-------+----------+-------------------------------------------
     0 | D:1      | H0rd4k the Human Artificer began the quest for the Orb.
     0 | D:1      | Reached XP level 1. HP: 15/15 MP: 3/3
     3 | D:1      | Noticed an electric eel
     3 | D:1      | Noticed an electric eel
   141 | D:1      | Reached XP level 2. HP: 12/21 MP: 4/4
   742 | D:2      | Reached XP level 3. HP: 17/26 MP: 5/5
  1153 | D:2      | Reached XP level 4. HP: 29/32 MP: 6/6
  1209 | D:2      | Reached skill level 1 in Armour
  1253 | D:2      | Noticed an ogre
  1289 | D:2      | Killed an ogre
  1289 | D:2      | Reached skill level 4 in Evocations
  1289 | D:2      | Reached XP level 5. HP: 7/37 MP: 6/8
  2501 | D:3      | Reached XP level 6. HP: 37/44 MP: 9/9
  3502 | D:4      | Noticed Natasha
  3510 | D:4      | Killed Natasha
  3898 | D:4      | Noticed Natasha
  3908 | D:4      | Killed Natasha
  4063 | D:4      | Got a pair of translucent gloves
  4074 | D:4      | Identified the cursed -3 pair of gloves "Piazel" {rF+
                  | Int+4} (You found it on level 4 of the Dungeon)
  4274 | D:4      | Found a radiant altar of Vehumet.
  4303 | D:4      | Found an ornate altar of the Wu Jian Council.
  4350 | D:4      | Noticed Natasha
  4359 | D:4      | Killed Natasha
  4359 | D:4      | Reached XP level 7. HP: 41/51 MP: 10/10
  4804 | D:4      | Found an ancient bone altar of Kikubaaqudgha.
  4804 | D:4      | Found a shadowy altar of Dithmenos.
  4832 | D:5      | Entered Level 5 of the Dungeon
  5019 | D:5      | Splashed by a jelly's acid

Illustrated notes

Levels and vault maps discovered:
D:1:      arrival_aquarium_b, layout_basic
D:2:      layout_loops_ring, minmay_split_cup_large
D:3:      layout_basic, tgw_xom, minmay_misc_feat_columns
D:4:      layout_basic, fiery_altar_vehumet, kennysheep_mini_moat,
          gammafunk_temple_overflow_elements, uniq_natasha
D:5:      layout_gridville, overflow_temple_1_default, first_ration

Skill      XL: |  1  2  3  4  5  6  7 |
---------------+----------------------+-----
Short Blades   | 2 3 |  3.5
Armour         | 1 2 3 |  3.0
Evocations     | 4 |  4.1
Stealth        | 2 |  2.4
Fighting       | 2 |  2.9
Dodging        | 3 |  3.0

Action                   |  1- 3 |  4- 6 |  7- 9 || total
-------------------------+-------+-------+-------++-------
Melee: Short sword       |    94 |    73 |       ||   167
       Dagger            |       |   109 |    49 ||   158
Evoke: Wand              |     7 |    14 |       ||    21
 Stab: Sleeping          |     1 |     2 |       ||     3
  Eat: Chunk             |       |    11 |     2 ||    13
Armor: Leather armour    |    12 |    36 |     2 ||    50
Dodge: Dodged            |    66 |   113 |    15 ||   194
